 Dungeon Crawl Stone Soup version 0.28.0 (webtiles) character file.

Game seed: 4923343355562128430

61 HallandMoats the Skirmisher (level 4, -2/29 HPs)
             Began as a Gargoyle Fighter on Feb 13, 2022.
             Killed from afar by an orc wizard (5 damage)
             ... with a puff of flame
             ... on level 3 of the Dungeon.
             The game lasted 00:02:23 (2106 turns).

HallandMoats the Skirmisher (Gargoyle Fighter)      Turns: 2106, Time: 00:02:25

Health: -2/29      AC: 11    Str: 20    XL:     4   Next: 7%
Magic:  5/5        EV: 10    Int:  8    God:
Gold:   81         SH:  0    Dex:  9    Spells: 3/3 levels left

rFire   . . .      SeeInvis .   a - +0 war axe
rCold   . . .      Faith    .   j - +3 buckler of the Great Game {rElec}
rNeg    + . .      Spirit   .   h - +0 acid dragon scales
rPois   ∞          Reflect  .   (helmet restricted)
rElec   +          Harm     .   (no cloak)
rCorr   +          Rampage  .   (no gloves)
Will    .....                   (no boots)
Stlth   ..........              (no amulet)
HPRegen 0.09/turn               (no ring)
MPRegen 0.09/turn               (no ring)

@: confused, on berserk cooldown, slowed, very slow
A: sickness immunity, AC +3, negative energy resistance 1, electricity
resistance, torment resistance 1, petrification resistance, antennae 1, shaggy
fur 1, weak 1
a: no special abilities


You were on level 3 of the Dungeon.
You visited 1 branch of the dungeon, and saw 3 of its levels.

You collected 81 gold pieces.

Inventory:

Hand Weapons
 a - a +0 war axe (weapon)
Armour
 h - +0 acid dragon scales (worn)
 j - the +3 buckler of the Great Game (worn) {rElec}
   (You found it on level 2 of the Dungeon)

   rElec:     It insulates you from electricity.
Scrolls
 f - a scroll of fog {unknown}
 g - 2 scrolls of identify {unknown}
Potions
 d - a potion of might
 e - a potion of mutation
 i - a potion of ambrosia {unknown}


   Skills:
 * Level 3.7 Fighting
 * Level 2.3 Axes
 + Level 3.5 Armour
 + Level 0.7 Dodging
 + Level 3.6 Shields
 * Level 1.5 Invocations


You had 3 spell levels left.
You didn't know any spells.
Your spell library was empty.

Dungeon Overview and Level Annotations

Branches:
Dungeon (3/15)

Altars:

Shops:
D:1 [   D:2 [


Innate Abilities, Weirdness & Mutations

You are immune to sickness and miasma.
Your stone body is resilient. (AC +3)
You are immune to poison.
You resist negative energy. (rN+)
You are resistant to electric shocks. (rElec)
You are resistant to unholy torment.
You are immune to petrification.
You have a pair of small antennae on your head.
You are covered in fur. (AC +1)
You are weak. (Str -2)


Message History

* * * LOW HITPOINT WARNING * * *
You closely miss something. You block something's attack.
You closely miss something. Something hits you but does no damage.
You closely miss something. Something hits you.
* * * LOW HITPOINT WARNING * * *
You hear some strange, mumbled words.
You are confused.
You're too confused to attack without stumbling around!
It was a potion of berserk rage.
A red film seems to cover your vision as you go berserk!
You feel yourself moving faster!
You feel mighty! Something hits you.
* * * LOW HITPOINT WARNING * * *
You closely miss something. Something hits you.
* * * LOW HITPOINT WARNING * * *
Things that are here:
a +0 short sword; an orc corpse You feel a strong urge to attack something.
Something hits you but does no damage.
Things that are here:
a +0 flail; a +0 leather armour; an orc corpse You miss something.
Something hits you but does no damage.
You hear some strange, mumbled words.
You are more confused.
You see here a +0 flail.
You feel a strong urge to attack something.
You are no longer berserk.
You are exhausted.
You feel yourself slow down.
You hear some strange, mumbled words.
A magic dart appears from out of thin air!
The magic dart hits you.
* * * LOW HITPOINT WARNING * * *
You see here a +0 flail.
It was a potion of mutation.
You feel extremely strange. Fur sprouts all over your body.
A pair of antennae grows on your head!
You feel weaker.
You hear some strange, mumbled words.
A puff of flame appears from out of thin air!
The puff of flame hits you.
You die...

#####+### . #.......# ..
#.......#
...######.......#......#
................#......#
............$...#......#
.........)......#......#
####....@)......+......#
........{.......#......#.
................#........
...............†..# .....
.........#######..##.....
######.... #.........
#.... #...##+### #....
#...##.### #...##.#..


There were no monsters in sight!

Vanquished Creatures
  An adder (D:2)
  A worm (D:2)
  2 dart slugs (D:1)
  3 orcs (D:3)
  A bat (D:1)
  5 endoplasms
  2 giant cockroaches (D:1)
  2 goblins
  4 hobgoblins
  2 jackals (D:2)
  2 quokkas
  5 ball pythons
  2 frilled lizards (D:2)
  3 kobolds
  4 rats
39 creatures vanquished.

Notes
Turn   | Place    | Note
-------+----------+-------------------------------------------
     0 | D:1      | HallandMoats the Gargoyle Fighter began the quest for the
                  | Orb.
     0 | D:1      | Reached XP level 1. HP: 14/14 MP: 1/1
   123 | D:1      | Reached XP level 2. HP: 15/19 MP: 2/2
   250 | D:1      | Found Wusyl's Armour Emporium.
   813 | D:1      | Reached skill level 1 in Invocations
  1063 | D:1      | Reached XP level 3. HP: 20/23 MP: 3/3
  1848 | D:2      | Identified the +3 buckler of the Great Game {rElec}
  1907 | D:2      | Found Weschoppu's Antique Armour Shoppe.
  2081 | D:3      | Reached XP level 4. HP: 22/29 MP: 5/5
  2106 | D:3      | Gained mutation: You are covered in fur. (AC +1) [potion of
                  | mutation]
  2106 | D:3      | Gained mutation: You have a pair of small antennae on your
                  | head. [potion of mutation]
  2106 | D:3      | Gained mutation: You are weak. (Str -2) [potion of
                  | mutation]
  2106 | D:3      | Killed from afar by an orc wizard

Illustrated notes

Levels and vault maps discovered:
D:1:      saegor_arrival_simple_b, layout_basic, serial_forest,
          infiniplex_forest_clump_C, infiniplex_forest_clump_small,
          infiniplex_forest_lined_2, infiniplex_forest_end_double,
          infiniplex_forest_lined_1, serial_shops, shop
D:2:      layout_loops_cross, serial_shops, shop
D:3:      minmay_octagon_keep, layout_basic, old_standard_altar,
          dreamdust_ecumenical_altar_sealed_demon, uniq_terence

Skill      XL: |  1  2 |
---------------+-------+-----
Axes           | 2 |  2.3
Invocations    | 1 |  1.5
Fighting       | |  3.7
Armour         | |  3.5
Dodging        | |  0.7
Shields        | |  3.6

Action                   |  1- 3 |  4- 6 || total
-------------------------+-------+-------++-------
Melee: War axe           |    90 |    18 ||   108
  Use: Potion            |       |     2 ||     2
Armor: Scale mail        |    33 |       ||    33
       Acid dragon scale |    15 |    16 ||    31
Dodge: Dodged            |    39 |     2 ||    41
Block: Buckler           |    20 |     5 ||    25
